 Dungeon Crawl Stone Soup version 0.21-a0-331-gfb491b4 (webtiles) character file.

229 tidbits the Charmwright (level 6, -2/55 HPs)
             Began as a Gnoll Skald on Oct 2, 2017.
             Slain by Eustachio
             ... wielding a cursed -2 rapier
              (8 damage)
             ... on level 4 of the Dungeon.
             The game lasted 00:04:49 (897 turns).

tidbits the Charmwright (Gnoll Skald)                Turns: 897, Time: 00:04:49

Health: -2/55      AC:  0    Str: 13    XL:     6   Next: 3%
Magic:  0/13       EV: 15    Int: 17    God:
Gold:   122        SH:  3    Dex: 17    Spells: 4/15 levels left

rFire    + . .     SeeInvis .   a - +0 hand axe
rCold    + . .     Gourm    .   (no shield)
rNeg     . . .     Faith    .   (no armour)
rPois    .         Spirit   .   (no helmet)
rElec    +         Reflect  +   (no cloak)
rCorr    .         Harm     .   (no gloves)
MR       +....     Rnd*Rage +   (no boots)
Stlth    ++........             r - amulet of Ynavysh {Reflect rElec rF+ rC+ SH+3}
HPRegen  0.18/turn              j - ring of protection from magic
MPRegen  0.13/turn              (no ring)

@: singing
A: distributed training, fangs 1, agile 1, berserk 1, robust 1, strong nose
a: no special abilities


You were on level 4 of the Dungeon.
You were hungry.

You visited 1 branch of the dungeon, and saw 4 of its levels.

You collected 122 gold pieces.

Inventory:

Hand Weapons
 a - a +0 hand axe (weapon)
 l - a +3 dagger of protection
   (You took it off Jessica on level 3 of the Dungeon)
Missiles
 i - 46 arrows
Armour
 b - a +0 leather armour
 o - a +0 scale mail
 p - a +0 ring mail
Jewellery
 j - a ring of protection from magic (left hand)
   (You found it on level 2 of the Dungeon)
 r - the amulet of Ynavysh (around neck) {Reflect rElec rF+ rC+ SH+3}
   (You found it on level 4 of the Dungeon)

   [amulet of reflection]

   It shields you and reflects attacks.
   It protects you from fire.
   It protects you from cold.
   It insulates you from electricity.
   It affects your SH (+3).
 s - a cursed amulet of inaccuracy {unknown}
   (You found it on level 2 of the Dungeon)
Scrolls
 h - 3 scrolls of identify {unknown}
 u - a scroll of enchant armour {unknown}
Potions
 e - 2 potions of mutation {!q}
 k - a potion of lignification {unknown}
 m - a potion of cancellation {unknown}
 n - a potion of resistance {unknown}
 t - a potion of curing {unknown}
Books
 c - a book of Battle

   Spells                             Type                      Level
   a - Infusion                       Charms                       1
   b - Shroud of Golubria             Charms/Translocation         2
   c - Song of Slaying                Charms                       2
   d - Spectral Weapon                Hexes/Charms                 3
   e - Regeneration                   Charms/Necromancy            3
Comestibles
 d - 5 bread rations
 f - 3 chunks of flesh
 g - 2 royal jellies
 q - 3 fruits


   Skills:
 + Level 4.9 Fighting
 + Level 1.7 Short Blades
 + Level 1.7 Long Blades
 + Level 4.9 Axes
 + Level 1.7 Maces & Flails
 + Level 1.7 Polearms
 + Level 1.7 Staves
 + Level 1.7 Slings
 + Level 1.7 Bows
 + Level 1.7 Crossbows
 + Level 1.7 Throwing
 + Level 3.1 Armour
 + Level 4.9 Dodging
 + Level 1.7 Stealth
   Level 0.0 Stabbing
 + Level 1.7 Shields
   Level 0.0 Traps
 + Level 1.7 Unarmed Combat
 + Level 5.2 Spellcasting
 + Level 1.7 Conjurations
 + Level 1.7 Hexes
 + Level 6.7 Charms
 + Level 1.7 Summonings
 + Level 1.7 Necromancy
 + Level 1.7 Translocations
 + Level 1.7 Transmutations
 + Level 1.7 Fire Magic
 + Level 1.7 Ice Magic
 + Level 1.7 Air Magic
 + Level 1.7 Earth Magic
 + Level 1.7 Poison Magic
 + Level 1.7 Invocations
 + Level 1.7 Evocations


You had 4 spell levels left.
You knew the following spells:

 Your Spells              Type           Power        Failure   Level  Hunger
g - Shroud of Golubria    Chrm/Tloc      ###.......   3%          2    #......
i - Infusion              Chrm           ####         1%          1    None
r - Regeneration          Chrm/Necr      ###.......   7%          3    ###....
w - Spectral Weapon       Hex/Chrm       ###.....     7%          3    ###....
y - Song of Slaying       Chrm           ####....     1%          2    #......


Dungeon Overview and Level Annotations

Branches:
Dungeon (4/15)
 Temple: D:4-7

Altars:
Makhleb

Annotations:
D:4 Eustachio


Innate Abilities, Weirdness & Mutations

Your experience applies equally to all skills.
You have very sharp teeth.
Your uncanny sense of smell can sniff out nearby items.
You are agile. (Dex +2)
You tend to lose your temper in combat.
You are robust. (+10% HP)


Message History

Found 2 white potions.
You feel sick.
Your skin is crawling a little less now.
You feel sick.
Your magical contamination has completely faded away.
You feel sick.
You feel sick.
Your skin stops crawling.
You feel sick.
e - 3 white potions (gained 2)
You feel sick.
Found a bread ration.
You feel sick.
d - 5 bread rations (gained 1)
You feel sick.
A centaur skeleton comes into view.
You feel sick.
Found a scroll labeled OSSONA ZIOMUNK.
You feel sick.
You are no longer poisoned.
Casting: Regeneration
Confirm with . or Enter, or press ? or * to list all spells.
You draw out your weapon's spirit!
You hit the centaur skeleton.
The centaur skeleton is moderately damaged.
Your spectral weapon hits the centaur skeleton.
The centaur skeleton closely misses you.
You slash the centaur skeleton!
You bite the centaur skeleton, but do no damage.
The centaur skeleton is heavily damaged.
Your spectral weapon hits the centaur skeleton.
The centaur skeleton hits your spectral weapon.
Your spectral weapon shares its damage with you!
The centaur skeleton hits your spectral weapon!
Your spectral weapon shares its damage with you!
You hit the centaur skeleton.
The centaur skeleton is severely damaged.
Your spectral weapon hits the centaur skeleton!
You destroy the centaur skeleton!
h - 3 scrolls labeled OSSONA ZIOMUNK (gained 1)
Found a scale mail.
A crimson imp comes into view.
A hound comes into view.
Your spectral weapon fades away.
Found 10 gold pieces.
Casting: Spectral Weapon
Confirm with . or Enter, or press ? or * to list all spells.
You draw out your weapon's spirit!
Casting: Spectral Weapon
Confirm with . or Enter, or press ? or * to list all spells.
You don't have enough magic to cast that spell.
Found 15 gold pieces.
The hound barks!
You hear a shout!
The hound moves out of view.
Eustachio the Magnificent comes into view.
He is wielding a rapier.
The hound bites you.
You barely miss the hound. The hound bites you.
* * * LOW HITPOINT WARNING * * *
The hound bites you.
* * * LOW HITPOINT WARNING * * *
You miss the hound.
Your spectral weapon hits the hound but does no damage.
The hound bites you.
* * * LOW HITPOINT WARNING * * *
Casting: Spectral Weapon
Confirm with . or Enter, or press ? or * to list all spells.
You start singing a song of slaying.
You hear a shout!
The hound barely misses you. The hound bites you.
* * * LOW HITPOINT WARNING * * *
You closely miss the hound.
Your spectral weapon hits the hound!
The hound misses your spectral weapon.
You closely miss the hound.
The hound is heavily wounded.
Your spectral weapon hits the hound.
The hound closely misses your spectral weapon.
Eustachio gestures wildly while chanting.
Eustachio blinks!
The hound closely misses your spectral weapon.
You barely miss the hound. You bite the hound, but do no damage.
The hound is severely wounded.
Your spectral weapon barely misses the hound.
The hound barely misses you.
You hit Eustachio. You bite Eustachio, but do no damage.
Eustachio is lightly wounded.
You hit the hound.
Your spectral weapon misses Eustachio.
Your spectral weapon hits the hound.
You kill the hound!
You have reached level 6!
Your experience leads to an increase in your attributes!
Increase (S)trength, (I)ntelligence, or (D)exterity?
You feel clever. Eustachio hits you with a rapier.
* * * LOW HITPOINT WARNING * * *
Unknown command.
It was a potion of mutation.
You feel extremely strange.
You feel a little pissed off.
You feel agile.
You feel robust. Eustachio hits you with a rapier!
You die...

#....####..#### #.#.
####.# ##.....# ##... .
.#####.###...##.####....#.
..........................
..#######...####..###.#.#
##..# ##..##...## #..#
###.......#
#######.5.......#
#..@@###....# ......[#(##
....# .$...#...# ....#
...$ ..### 5...# .....##
....# .. .. ....# . ..
....# ...


You could see Eustachio, a crimson imp and a friendly spectral hand axe.

Vanquished Creatures
  2 hounds
  A centaur skeleton (D:4)
  Jessica (D:3)
  5 adders
  3 gnolls (D:3)
  A worm (D:4)
  A dart slug (D:1)
  A leopard gecko (D:1)
  2 orcs (D:3)
  2 giant cockroaches (D:3)
  4 goblins
  3 hobgoblins
  2 kobolds
  6 bats
  5 frilled lizards
  A jackal skeleton (D:4)
  5 rats
45 creatures vanquished.

Notes
Turn   | Place    | Note
-------+----------+-------------------------------------------
     0 | D:1      | tidbits the Gnoll Skald began the quest for the Orb.
     0 | D:1      | Reached XP level 1. HP: 20/20 MP: 6/6
   169 | D:1      | Reached XP level 2. HP: 24/26 MP: 1/7
   173 | D:1      | Learned a level 2 spell: Song of Slaying
   176 | D:1      | Learned a level 2 spell: Shroud of Golubria
   233 | D:2      | Reached skill level 5 in Spellcasting
   233 | D:2      | Reached XP level 3. HP: 25/31 MP: 2/9
   238 | D:2      | Learned a level 3 spell: Regeneration
   242 | D:2      | Learned a level 3 spell: Spectral Weapon
   299 | D:3      | Noticed Jessica
   303 | D:3      | Killed Jessica
   303 | D:3      | Reached skill level 1 in Short Blades
   303 | D:3      | Reached skill level 1 in Long Blades
   303 | D:3      | Reached skill level 1 in Maces & Flails
   303 | D:3      | Reached skill level 1 in Polearms
   303 | D:3      | Reached skill level 1 in Staves
   303 | D:3      | Reached skill level 1 in Slings
   303 | D:3      | Reached skill level 1 in Bows
   303 | D:3      | Reached skill level 1 in Crossbows
   303 | D:3      | Reached skill level 1 in Throwing
   303 | D:3      | Reached skill level 1 in Stealth
   303 | D:3      | Reached skill level 1 in Shields
   303 | D:3      | Reached skill level 1 in Unarmed Combat
   303 | D:3      | Reached skill level 1 in Conjurations
   303 | D:3      | Reached skill level 1 in Hexes
   303 | D:3      | Reached skill level 1 in Summonings
   303 | D:3      | Reached skill level 1 in Necromancy
   303 | D:3      | Reached skill level 1 in Translocations
   303 | D:3      | Reached skill level 1 in Transmutations
   303 | D:3      | Reached skill level 1 in Fire Magic
   303 | D:3      | Reached skill level 1 in Ice Magic
   303 | D:3      | Reached skill level 1 in Air Magic
   303 | D:3      | Reached skill level 1 in Earth Magic
   303 | D:3      | Reached skill level 1 in Poison Magic
   303 | D:3      | Reached skill level 1 in Invocations
   303 | D:3      | Reached skill level 1 in Evocations
   325 | D:3      | Reached XP level 4. HP: 38/38 MP: 3/11
   615 | D:4      | Got a sparkling silver amulet
   616 | D:4      | Identified the amulet of Ynavysh {Reflect rElec rF+ rC+ SH+3} (You found it on level 4 of the Dungeon)
   704 | D:3      | Found a faded altar of an unknown god.
   757 | D:3      | Reached XP level 5. HP: 34/43 MP: 7/12
   783 | D:3      | Found a burning altar of Makhleb.
   791 | D:3      | Reached skill level 3 in Armour
   887 | D:4      | Noticed Eustachio
   896 | D:4      | Reached XP level 6. HP: 12/50 MP: 0/13
   897 | D:4      | Gained mutation: You tend to lose your temper in combat. [potion of mutation]
   897 | D:4      | Gained mutation: You are agile. (Dex +2) [potion of mutation]
   897 | D:4      | Gained mutation: You are robust. (+10% HP) [potion of mutation]
   897 | D:4      | Slain by Eustachio

Vault maps used:
D:1:      matt_arrival_refuge, lemuel_another_geyser
D:3:      chequers_ecumenical_altar_simple_redux, makhleb_blood_cavern_becter,
          uniq_jessica, uniq_purgy
D:4:      first_bread, serial_bayou_pond_b, uniq_eustachio

Skill      XL: |  1  2  3  4  5 |
---------------+----------------+-----
Spellcasting   | 5 |  5.2
Short Blades   | 1 |  1.7
Long Blades    | 1 |  1.7
Maces & Flails | 1 |  1.7
Polearms       | 1 |  1.7
Staves         | 1 |  1.7
Slings         | 1 |  1.7
Bows           | 1 |  1.7
Crossbows      | 1 |  1.7
Throwing       | 1 |  1.7
Stealth        | 1 |  1.7
Shields        | 1 |  1.7
Unarmed Combat | 1 |  1.7
Conjurations   | 1 |  1.7
Hexes          | 1 |  1.7
Summonings     | 1 |  1.7
Necromancy     | 1 |  1.7
Translocations | 1 |  1.7
Transmutations | 1 |  1.7
Fire Magic     | 1 |  1.7
Ice Magic      | 1 |  1.7
Air Magic      | 1 |  1.7
Earth Magic    | 1 |  1.7
Poison Magic   | 1 |  1.7
Invocations    | 1 |  1.7
Evocations     | 1 |  1.7
Armour         | 3 |  3.1
Fighting       | |  4.9
Axes           | |  4.9
Dodging        | |  4.9
Charms         | |  6.7

Action                   |  1- 3 |  4- 6 || total
-------------------------+-------+-------++-------
Melee: Hand axe          |    40 |    60 ||   100
       Bite              |     4 |    12 ||    16
       Punch             |     1 |       ||     1
 Cast: Infusion          |     2 |     1 ||     3
       Shroud of Golubri |     1 |       ||     1
       Spectral Weapon   |     1 |    11 ||    12
       Regeneration      |     1 |     5 ||     6
       Song of Slaying   |       |     4 ||     4
  Use: Potion            |       |     1 ||     1
 Stab: Sleeping          |     1 |       ||     1
  Eat: Chunk             |       |     1 ||     1
Armor: Leather armour    |     4 |     2 ||     6
Dodge: Dodged            |    29 |    53 ||    82
Block: Other             |       |     4 ||     4

Table legend:
 A = Spawn XP
 B = Non-spawn XP
 C = Spawn XP percentage of total XP
 D = Spawn monster count
 E = Non-spawn monster count
 F = Spawn count percentage of total count
 G = Total turns spent on level
                    A         B        C        D         E        F      G
               +---------+---------+-------+---------+---------+-------+---------
         Total |       0 |     328 |   0.0 |       0 |      45 |   0.0 |   897
               +---------+---------+-------+---------+---------+-------+---------
           D:1 |       0 |      19 |   0.0 |       0 |      12 |   0.0 |   294
           D:2 |       0 |      36 |   0.0 |       0 |       9 |   0.0 |   242
           D:3 |       0 |     168 |   0.0 |       0 |      18 |   0.0 |   250
           D:4 |       0 |     105 |   0.0 |       0 |       6 |   0.0 |   111
               +---------+---------+-------+---------+---------+-------+---------

Table legend:
 A = Turns spent in this place as a percentage of turns spent in the entire game.
 B = Non-inter-level travel turns spent in this place as a percentage of non-inter-level travel turns spent in the entire game.
 C = Inter-level travel turns spent in this place as a percentage of turns spent in this place.
 D = Turns resting spent in this place as a percentage of non-inter-level travel turns spent in this place.
 E = Turns spent auto-exploring this place as a percentage of non-inter-level travel turns spent in this place.
 F = Non-inter-level travel turns spent in this place divided by the number of levels of this place that you've seen.
                   A       B       C       D       E      F
               +-------+-------+-------+-------+-------+----------------------
         Total | 100.0 | 100.0 |   0.0 |   0.0 |   0.0 | 224.2
       Dungeon | 100.0 | 100.0 |   0.0 |   0.0 |   0.0 | 224.2
               +-------+-------+-------+-------+-------+----------------------

Table legend:
 A = Kills in this place as a percentage of kills in entire the game.
 B = Kills by you in this place as a percentage of kills by you in the entire game.
 C = Kills by friends in this place as a percentage of kills by friends in the entire game.
 D = Other kills in this place as a percentage of other kills in the entire game.
 E = Experience gained in this place as a percentage of experience gained in the entire game.
 F = Experience gained in this place divided by the number of levels of this place that you have seen.
                   A       B       C       D       E      F
               +-------+-------+-------+-------+-------+----------------------
         Total | 100.0 | 100.0 |   N/A |   N/A | 100.0 |  82.0
       Dungeon | 100.0 | 100.0 |   N/A |   N/A | 100.0 |  82.0
               +-------+-------+-------+-------+-------+----------------------

Vault maps used:
D:1:      matt_arrival_refuge, lemuel_another_geyser
D:3:      chequers_ecumenical_altar_simple_redux, makhleb_blood_cavern_becter,
          uniq_jessica, uniq_purgy
D:4:      first_bread, serial_bayou_pond_b, uniq_eustachio
